 Dungeon Crawl Stone Soup version 0.21.1-1-g345015fe64 (webtiles) character file.

123 Nattfarinn the Changer (level 5, -3/37 HPs)
             Began as a Merfolk Transmuter on June 23, 2018.
             Slain by Sigmund
             ... wielding a +0 scythe
              (5 damage)
             ... on level 2 of the Dungeon.
             The game lasted 00:05:42 (1845 turns).

Nattfarinn the Changer (Merfolk Transmuter)         Turns: 1845, Time: 00:05:43

Health: -3/37      AC:  4    Str: 11    XL:     5   Next: 7%
Magic:  8/8        EV: 13    Int: 13    God:
Gold:   84         SH:  0    Dex: 14    Spells: 4/8 levels left

rFire    . . .     SeeInvis .     - Unarmed
rCold    . . .     Gourm    .   (no shield)
rNeg     . . .     Faith    .   b - +0 robe
rPois    .         Spirit   .   (no helmet)
rElec    .         Reflect  .   (no cloak)
rCorr    .         Harm     .   (no gloves)
MR       .....                  h - +1 pair of boots
Stlth    +.........             (no amulet)
HPRegen  0.12/turn              (no ring)
MPRegen  0.11/turn              (no ring)

@: confused
A: change form in water, swift swim, stealthy swim
a: no special abilities


You were on level 2 of the Dungeon.
You were not hungry.

You visited 1 branch of the dungeon, and saw 2 of its levels.

You collected 84 gold pieces.

Inventory:

Missiles
 a - 12 arrows
Armour
 b - a +0 robe (worn)
 h - a +1 pair of boots (worn)
Wands
 f - a wand of digging (9)
Scrolls
 j - 3 scrolls of identify {unknown}
 k - a scroll of fog {unknown}
Potions
 e - a potion of curing
 i - a potion of might {unknown}
Books
 c - a book of Changes

   Spells                             Type                      Level
   a - Beastly Appendage              Transmutation                1
   b - Sticks to Snakes               Transmutation                2
   c - Spider Form                    Transmutation/Poison         3
   d - Ice Form                       Ice/Transmutation            4
   e - Blade Hands                    Transmutation                5
Comestibles
 d - 4 rations
 l - 9 chunks of flesh


   Skills:
 - Level 1.1 Fighting
 - Level 2.6 Dodging
 - Level 3.2 Unarmed Combat
 - Level 2.0 Spellcasting
 * Level 6.2 Transmutations
 * Level 1.9 Poison Magic


You had 4 spell levels left.
You knew the following spells:

 Your Spells              Type           Power        Failure   Level  Hunger
a - Beastly Appendage     Tmut           ###...       1%          1    ##.....
b - Spider Form           Tmut/Pois      ##........   14%         3    ####...


Dungeon Overview and Level Annotations

Branches:
Dungeon (2/15)

Altars:
Kikubaaqudgha

Annotations:
D:2 Sigmund


Message History

You bump into the rock wall.
Something hits you!
* * * LOW HITPOINT WARNING * * *
You're too confused!
It was a potion of curing.
You feel better.
You hear some strange, mumbled words.
A puff of flame appears from out of thin air!
The puff of flame hits you!
* * * LOW HITPOINT WARNING * * *
As you read the scroll labeled YKEABA TAMPA, it crumbles to dust.
It is a scroll of enchant armour.
Your +0 pair of boots glows green for a moment.
You hear some strange, mumbled words.
You are confused.
You bump into the rock wall.
You hear some strange, mumbled words.
Something tries to affect you, but you resist.
Something hits you.
* * * LOW HITPOINT WARNING * * *
You're too confused to move!
Something hits you.
You die...

.... #......#
#.#.#......)...# ... #......#
#...############ ...
#......###..######### . #.#
#...................# .##.#
#...........#######.#
..#.####......#.#..#....##.#
......#.##.####.#....##.##.#
........................##.#
..............{.@..รท....##.#
................##.#######.#
...>...........###.# #.######
...............# #.# #.......
...............#
#.##############
...............#
#...............
...$...........#
################
.............#


There were no monsters in sight!

Vanquished Creatures
  Natasha (thrice) (D:2)
  An adder (D:2)
  2 dart slugs (D:1)
  4 giant cockroaches
  3 goblins (D:1)
  4 hobgoblins
  4 jackals (D:2)
  A quokka (D:2)
  A ball python (D:1)
  3 bats
  6 frilled lizards
  2 kobolds
  4 rats
38 creatures vanquished.

Notes
Turn   | Place    | Note
-------+----------+-------------------------------------------
     0 | D:1      | Nattfarinn the Merfolk Transmuter began the quest for the Orb.
     0 | D:1      | Reached XP level 1. HP: 15/15 MP: 3/3
    46 | D:1      | Reached skill level 3 in Transmutations
    57 | D:1      | Reached XP level 2. HP: 16/21 MP: 5/5
   413 | D:1      | Reached skill level 4 in Transmutations
   776 | D:2      | Reached XP level 3. HP: 16/26 MP: 4/6
  1338 | D:2      | Noticed Natasha
  1344 | D:2      | Learned a level 3 spell: Spider Form
  1352 | D:2      | Killed Natasha
  1352 | D:2      | Reached skill level 5 in Transmutations
  1352 | D:2      | Reached XP level 4. HP: 21/32 MP: 3/7
  1462 | D:2      | Noticed Natasha
  1473 | D:2      | Killed Natasha
  1473 | D:2      | Reached skill level 1 in Poison Magic
  1620 | D:2      | Found an ancient bone altar of Kikubaaqudgha.
  1643 | D:2      | Noticed Natasha
  1663 | D:2      | Killed Natasha
  1663 | D:2      | Reached skill level 6 in Transmutations
  1663 | D:2      | Reached XP level 5. HP: 22/37 MP: 4/8
  1822 | D:2      | Noticed Sigmund
  1845 | D:2      | Slain by Sigmund

Skill      XL: |  1  2  3  4 |
---------------+-------------+-----
Transmutations | 3 4 5 6 |  6.2
Poison Magic   | 1 |  1.9
Fighting       | |  1.1
Dodging        | |  2.6
Unarmed Combat | |  3.2
Spellcasting   | |  2.0

Action                   |  1- 3 |  4- 6 || total
-------------------------+-------+-------++-------
Melee: Unarmed           |   101 |    39 ||   140
       Headbutt          |     3 |       ||     3
       Tailslap          |     1 |       ||     1
       Punch             |     2 |       ||     2
 Cast: Beastly Appendage |     2 |       ||     2
       Spider Form       |     1 |     2 ||     3
  Use: Scroll            |       |     1 ||     1
       Potion            |       |     1 ||     1
 Stab: Sleeping          |     1 |     1 ||     2
       Distracted        |       |     1 ||     1
  Eat: Chunk             |     1 |     2 ||     3
Armor: Robe              |    15 |    11 ||    26
       Skin              |       |     1 ||     1
Dodge: Dodged            |    61 |    32 ||    93
